 Dungeon Crawl Stone Soup version 0.29.1-15-g9cfb28693d (webtiles) character file.

Game seed: 4540860023890177132

1257 Coron the Cleaver (level 9, -2/75 HPs)
             Began as a Meteoran Fighter on Mar 23, 2023.
             Was a Believer of Elyvilon.
             Slain by a two-headed ogre
             ... wielding a +0 giant club
              (23 damage)
             ... on level 6 of the Dungeon.
             The game lasted 00:12:31 (1823 turns).

Coron the Cleaver (Meteoran Fighter)                Turns: 1823, Time: 00:12:31

Health: -2/75      AC: 12    Str: 22    XL:     9   Next: 8%
Magic:  10/10      EV:  9    Int:  9    God:    Elyvilon [**....]
Gold:   305        SH:  5    Dex: 15    Spells: 8/8 levels left

rFire   . . .      SeeInvis .   a - +0 war axe (venom)
rCold   . . .      Faith    .   c - +0 buckler
rNeg    . . .      Spirit   .   r - +3 scale mail
rPois   .          Reflect  .   (no helmet)
rElec   .          Harm     .   (no cloak)
rCorr   .          Rampage  .   (no gloves)
Will    +....                   i - +0 pair of boots
Stlth   ..........              (no amulet)
HPRegen 0.22/turn               p - ring of flight
MPRegen 0.12/turn               (no ring)

@: flying, hasted, glowing, very quick
A: sense surroundings 2, otherworldly, glowing, explore regen
a: Renounce Religion, Purification, Heal Other


You were on level 6 of the Dungeon.
You worshipped Elyvilon.
Elyvilon was pleased with you.
You visited 1 branch of the dungeon, and saw 6 of its levels.

You collected 305 gold pieces.

Inventory:

Hand Weapons
 a - a +0 war axe of venom (weapon)
Missiles
 e - 28 stones (quivered)
 g - 3 atropa-tipped darts
 k - 5 poisoned darts
Armour
 c - a +0 buckler (worn)
 i - a +0 pair of boots (worn)
 r - a +3 scale mail (worn)
Jewellery
 p - a ring of flight (left hand)
Scrolls
 b - a scroll of summoning {unknown}
 f - 2 scrolls of vulnerability
 h - a scroll of fog
 j - a scroll of enchant weapon
 l - a scroll of fear
 o - a scroll of blinking {unknown}
Potions
 d - a potion of might
 m - a potion of haste
 n - a potion of cancellation {unknown}
 q - a potion of curing


   Skills:
 - Level 6.0 Fighting
 - Level 8.0 Axes
 + Level 7.5 Armour
 - Level 5.0 Shields


You had 8 spell levels left.
You didn't know any spells.
Your spell library contained the following spells:

 Spells                   Type           Power      Damage    Failure   Level
 Sublimation of Blood     Necr           0%         N/A       88%         2
 Ignite Poison            Fire/Tmut/Pois 0%         N/A       98%         3
 Mephitic Cloud           Conj/Pois/Air  0%         N/A       98%         3
 Petrify                  Tmut/Erth      0%         N/A       100%        4
 Freezing Cloud           Conj/Ice/Air   0%         6-21      100%        5
 Irradiate                Conj/Tmut      0%         3d11      100%        5


Dungeon Overview and Level Annotations

Branches:
Dungeon (6/15) Zot: 1685
 Temple: D:4-7

Altars:
Elyvilon
Uskayaw

Shops:
D:2 *


Innate Abilities, Weirdness & Mutations

You passively map the area around you.
You are easily found by Zot.
You glow in the dark.
You regain HP and MP as you explore.


Message History

You kill the worm!
You have reached level 9!
Your experience leads to an increase in your attributes!
Increase (S)trength, (I)ntelligence, or (D)exterity?
You feel stronger. x2; You feel agile.
Your attunement to dungeon structure grows.
b - a scroll labelled SIGALO LUIPRY
There is a stone staircase leading down here.
A black bear comes into view.
You see here 7 gold pieces.
You see here 7 gold pieces.
You now have enough gold to buy a potion of haste on D:2.
You can access your shopping list by pressing '$'.
You now have 305 gold pieces (gained 7).
You slash the black bear!
The black bear looks as sick as possible!
The black bear is heavily wounded.
The black bear bites you but does no damage.
The black bear closely misses you. The black bear claws you.
You slash the black bear!
The black bear is almost dead.
The black bear goes berserk!
You slash the black bear!
You kill the black bear!
You see here a black bear corpse.
There is a stone staircase leading down here.
You fly downwards.
You block the two-headed ogre's attack.
The two-headed ogre hits you with a +0 giant club!!
There is a stone staircase leading up, spattered with blood here.
You closely miss the two-headed ogre.
The two-headed ogre hits you with a +0 giant club.
The two-headed ogre hits you with a +0 giant club!!
You hit the two-headed ogre but do no damage.
The two-headed ogre is poisoned.
You block the two-headed ogre's attack.
The two-headed ogre hits you with a +0 giant club!
* * * LOW HITPOINT WARNING * * *
You aren't carrying any items that you can evoke.
You feel yourself speed up.
The two-headed ogre hits you with a +0 giant club!!
You die...

, #............,
, , #.......<..#
,,
#..........###
##.............,
, ,
##........$..# ,
* *
.......†.....# ,
###......<..?#*
* #...(...O..#
,, *
########.@.# *
#.......# * *
#.......# , *
,$.........# **
............ ,
*##..>........ *
#........... , ,
#####........ ,


You could see a two-headed ogre (very poisoned).

Vanquished Creatures
  Edmund (D:5)
  A water moccasin (D:5)
  3 black bears
  Blork the orc (D:4)
  3 necrophages
  A scorpion (D:5)
  A howler monkey (D:4)
  A jelly (D:5)
  A gnoll bouda (D:4)
  2 hounds (D:4)
  12 gnolls
  3 adders
  A white imp (D:5)
  3 worms
  A dart slug (D:5)
  4 orcs
  3 ball pythons
  4 bats
  5 endoplasms
  5 giant cockroaches
  24 goblins (D:4)
  27 hobgoblins
  2 jackals (D:3)
  11 kobolds
  5 quokkas
  2 frilled lizards
  2 rats
129 creatures vanquished.

Vanquished Creatures (others)
  A hobgoblin (D:4)
1 creature vanquished.

Grand Total: 130 creatures vanquished

Notes
Turn   | Place    | Note
-------+----------+-------------------------------------------
     0 | D:1      | Coron the Meteoran Fighter began the quest for the Orb.
     0 | D:1      | Reached XP level 1. HP: 19/19 MP: 2/2
    79 | D:2      | Reached XP level 2. HP: 26/26 MP: 3/3
   110 | D:2      | Found Ozyiwkaw's Assorted Antiques.
   192 | D:2      | Reached XP level 3. HP: 30/31 MP: 4/4
   279 | D:2      | Reached skill level 3 in Axes
   539 | D:3      | Found a faded altar of an unknown god.
   545 | D:3      | Prayed at the altar of an unknown god.
   545 | D:3      | Became a worshipper of Elyvilon the Healer
   545 | D:3      | Reached * piety under Elyvilon
   662 | D:3      | Reached XP level 4. HP: 35/40 MP: 5/5
   752 | D:4      | HP: 2/40 [gnoll/+1 flail of protection (2)]
   755 | D:4      | Reached skill level 5 in Armour
   816 | D:4      | Reached XP level 5. HP: 24/46 MP: 6/6
   866 | D:4      | Reached skill level 4 in Axes
   906 | D:4      | Reached ** piety under Elyvilon
   967 | D:4      | Reached XP level 6. HP: 41/52 MP: 7/7
  1009 | D:4      | Reached skill level 5 in Axes
  1217 | D:4      | Noticed Blork the orc
  1229 | D:4      | Killed Blork the orc
  1230 | D:4      | Reached skill level 6 in Axes
  1230 | D:4      | Reached XP level 7. HP: 55/60 MP: 8/8
  1234 | D:5      | Entered Level 5 of the Dungeon
  1254 | D:5      | Noticed Edmund
  1319 | D:4      | Reached skill level 5 in Fighting
  1353 | D:4      | Noticed a +0 dagger
  1353 | D:4      | Noticed a +0 short sword
  1353 | D:4      | Noticed a +0 spear
  1354 | D:4      | Noticed a +0 dagger
  1354 | D:4      | Noticed a +0 falchion
  1354 | D:4      | Noticed a +0 spear
  1354 | D:4      | Noticed a +0 falchion
  1355 | D:4      | Noticed a +0 short sword
  1357 | D:4      | Found a hide-covered altar of Uskayaw.
  1495 | D:4      | Reached skill level 7 in Axes
  1495 | D:4      | Reached XP level 8. HP: 68/68 MP: 9/9
  1549 | D:5      | Killed Edmund
  1593 | D:5      | Reached skill level 8 in Axes
  1760 | D:6      | Noticed a two-headed ogre
  1770 | D:5      | Reached skill level 5 in Shields
  1772 | D:5      | Gained mutation: You passively map the area around you.
                  | [Meteoran growth]
  1772 | D:5      | Reached XP level 9. HP: 75/75 MP: 10/10
  1823 | D:6      | Slain by a two-headed ogre

Illustrated notes

Levels and vault maps discovered:
D:1:      minmay_arrival_wavy_path, layout_loops_ring
D:2:      minmay_wonky_spiral, layout_basic, basic_altar, serial_shops, shop,
          uniq_natasha, uniq_crazy_yiuf_cottage, uniq_robin
D:3:      layout_loops_ring, hellmonk_ecumenical_altar_run_dry
D:4:      minmay_goblin_kobold_castle, layout_basic, nicolae_uskayaw_en_pointe,
          uniq_blork_the_orc
D:5:      layout_rooms, serial_shops, shop, uniq_edmund
D:6:      layout_rooms, lemuel_temple_firewalk_b, uniq_pikel

Skill      XL: |  1  2  3  4  5  6  7  8 |
---------------+-------------------------+-----
Armour         | 4 5 6 7 |  7.5
Shields        | 4 5 |  5.0
Axes           | 3 4 6 7 8 |  8.0
Fighting       | 4 5 6 |  6.0

Action                   |  1- 3 |  4- 6 |  7- 9 || total
-------------------------+-------+-------+-------++-------
Melee: War axe           |    76 |   174 |   124 ||   374
  Use: Scroll            |     2 |     5 |     3 ||    10
       Potion            |       |     1 |     3 ||     4
Armor: Scale mail        |    40 |   102 |    52 ||   194
Dodge: Dodged            |    21 |    86 |    52 ||   159
Block: Buckler           |    23 |    52 |    37 ||   112
